 Dungeon Crawl Stone Soup version 0.30.1-9-gdf580d7c3d (webtiles) character file.

Game seed: 66308383045392468

924 Eryximachus the Cutter (level 8, -7/43 HPs)
             Began as a Vine Stalker Fighter on Sept 16, 2023.
             Was an Initiate of Gozag.
             Mangled by an ice beast (10 damage)
             ... on level 4 of the Dungeon on Oct 7, 2023.
             The game lasted 00:16:25 (4779 turns).

Eryximachus the Cutter (Vine Stalker Fighter)       Turns: 4779, Time: 00:16:26

Health: -7/43      AC:  3    Str: 19    XL:     8   Next: 10%
Magic:  0/9        EV: 11    Int: 10    God:    Gozag
Gold:   163        SH:  5    Dex: 14    Spells: 3/7 levels left

rFire   . . .        a - +0 rapier
rCold   . . .        c - +0 buckler
rNeg    . . .        v - +0 robe
rPois   .            k - +0 helmet
rElec   .            (no cloak)
rCorr   .            (no gloves)
SInv    .            (no boots)
Will    +....        (no amulet)
Stlth   +            (no ring)
HPRegen 1.07/turn    (no ring)
MPRegen 0.11/turn

%: guardian spirit
@: no status effects
A: fangs 3, regeneration 1, magic shield, antimagic bite, no potion heal 2
a: Renounce Religion, Potion Petition, Call Merchant, Bribe Branch


You were on level 4 of the Dungeon.
You worshipped Gozag.
Gozag was aware of your devotion.
You visited 2 branches of the dungeon, and saw 7 of its levels.
You also visited: Sewer.

You collected 269 gold pieces.
You paid 106 gold pieces to Gozag.


Innate Abilities, Weirdness & Mutations

You have razor-sharp teeth.
Your natural rate of healing is unusually fast.
When hurt, damage is shared between your health and your magic reserves.
Your bite disrupts and absorbs the magic of your enemies.
Potions cannot restore your health.


   Skills:
 + Level 5.3 Fighting
 + Level 6.0 Short Blades
 - Level 3.0 Armour
 - Level 4.0 Shields
 + Level 0.0 Spellcasting
 + Level 0.0 Summonings
 * Level 0.0 Air Magic


You had 3 spell levels left.
You knew the following spells:

 Your Spells              Type           Power      Damage    Failure   Level
l - Summon Lightning Spi  Summ/Air       0%         N/A       99%         4

Your spell library contained the following spells:

 Spells                   Type           Power      Damage    Failure   Level
 Static Discharge         Conj/Air       0%         2-2/arc   56%         2
 Airstrike                Air            0%         2d(0-16)  99%         4

Inventory:

Hand Weapons
 a - a +0 rapier (weapon)
Missiles
 f - 10 poisoned darts (quivered)
Armour
 b - a +0 scale mail
 c - a +0 buckler (worn)
 k - a +0 helmet (worn)
 m - +0 fire dragon scales
 n - a +0 cloak
 v - a +0 robe (worn)
Jewellery
 W - a ring of willpower
Wands
 t - a wand of polymorph (4)
Scrolls
 e - a scroll of torment {unknown}
 g - a scroll of poison {unknown}
 j - 2 scrolls of teleportation {unknown}
 l - a scroll of enchant armour {unknown}
 o - a scroll of vulnerability {unknown}
 p - a scroll of magic mapping {unknown}
 q - a scroll of noise {unknown}
 u - a scroll of identify {@r1}
Potions
 d - 2 potions of might
 h - 2 potions of lignification
 i - 4 potions of flight
 r - 3 potions of magic {unknown}
 s - a potion of brilliance {unknown}

Dungeon Overview and Level Annotations

Branches:
Dungeon (6/15)             Temple (1/1) D:4           Sewer (visited)

Altars:
Ashenzari
Cheibriados
Dithmenos
Elyvilon
Fedhas
Gozag
Hepliaklqana
Kikubaaqudgha
Makhleb
Nemelex Xobeh
Okawaru
Qazlal
Sif Muna
Trog
Uskayaw
Vehumet
Wu Jian
Xom
Zin
The Shining One

Annotations:
D:6 Edmund

≈▒▒▒▒▒≈≈≈▒..##......# #.#
≈▒...▒▒▒▒▒#.##.#(##.# ####.#####
≈▒.>........##<...#.# #........#
≈▒...▒▒▒▒▒####......# #.##.#.#)#
≈▒▒▒▒▒≈≈≈▒####....#.####.##....#.
≈≈≈≈≈≈≈≈≈▒+...................###
≈≈≈≈≈≈≈≈≈▒####......####.###...#.
≈≈≈≈≈≈≈≈≈▒ #.....## #........#
▒▒▒▒▒▒▒▒▒▒ #..@..# ########.#
#...# #OY...# #.# ##'## #.....#
#.# #.# #.....# #.#
##.##########.### #.#
####.........# #.# #..
.......#####.# #.# #.# ###.....#
#)# #.# #.# ##...## #.# #.# #.#


You could see an ice beast and an ogre.


Message History

Things that are here:
a +0 robe; a +0 dagger
There is an open door here.
Items here: ))) [[.
There is a stone staircase leading down here.
You climb downwards.
The ogre barely misses you.
There is a stone staircase leading up, spattered with blood here.
You hit the ogre. Your bite misses the ogre.
The ogre is moderately wounded.
You block the ogre's attack.
You barely miss the ogre.
The ogre is moderately wounded.
The ogre closely misses you.
You barely miss the ogre. You bite the ogre, but do no damage.
The ogre is moderately wounded.
The ogre closely misses you. The ice beast hits you. The ice beast freezes you!
You climb upwards.
There is a stone staircase leading down here.
The ogre attacks as you move away!
The ogre hits you with a +0 giant spiked club!!
* * * LOW HITPOINT WARNING * * *
The ice beast attacks as you move away! The ice beast hits you.
* * * LOW HITPOINT WARNING * * *
The ice beast freezes you!
* * * LOW HITPOINT WARNING * * *
The ice beast attacks as you move away! The ice beast hits you.
* * * LOW HITPOINT WARNING * * *
The ice beast freezes you!
You die...
Your body crumbles into a pile of gold.

Skill      XL: |  1  2  3  4  5  6  7 |
---------------+----------------------+-----
Short Blades   | 2 3 4 6 |  6.0
Shields        | 3 4 |  4.0
Fighting       | 3 5 |  5.3
Armour         | 3 |  3.0

Action                     |  1- 3 |  4- 6 |  7- 9 || total
---------------------------+-------+-------+-------++-------
  Melee: Rapier            |   104 |   344 |   102 ||   550
         Bite              |    22 |    79 |    43 ||   144
         Unarmed           |       |     3 |       ||     3
  Throw: Dart              |     2 |       |       ||     2
    Use: Scroll            |       |     2 |       ||     2
   Stab: Confused          |       |     1 |       ||     1
 Armour: Scale mail        |    29 |    54 |       ||    83
         Fire dragon scale |       |    38 |    65 ||   103
  Dodge: Dodged            |    43 |   115 |    37 ||   195
  Block: Buckler           |    21 |    64 |    21 ||   106

Levels and vault maps discovered:
D:1:      scummos_arrival_simple_crosswalls, layout_basic
D:2:      layout_rooms, basic_altar
D:3:      layout_loops_corners, mainiacjoe_overflow_divided_tiny,
          basic_ecumenical_altar, lightli_sewer_entry_pipes
D:4:      layout_loops_corners, mainiacjoe_overflow_cross_hatched,
          minmay_temple_entry_poolview, uniq_ijyb
D:5:      layout_rooms, old_standard_altar, serial_shops,
          nicolae_shop_competitors_out_of_business
D:6:      layout_basic, minivault_22, minmay_joined_circles, uniq_edmund
Temple:   minmay_temple_bridge_d

Notes
Turn   | Place    | Note
-------+----------+-------------------------------------------
     0 | D:1      | Eryximachus the Vine Stalker Fighter began the quest for
                  | the Orb.
     0 | D:1      | Reached XP level 1. HP: 11/11 MP: 2/2
    78 | D:1      | Upgraded the game from 0.30.1-4-g462c640d31 to
                  | 0.30.1-9-gdf580d7c3d
   401 | D:1      | Reached skill level 2 in Short Blades
   401 | D:1      | Reached XP level 2. HP: 15/16 MP: 3/3
   559 | D:1      | Reached skill level 3 in Shields
   697 | D:1      | Reached XP level 3. HP: 17/19 MP: 4/4
   791 | D:2      | Found a shimmering altar of Xom.
   949 | D:2      | Reached skill level 3 in Fighting
  1355 | D:2      | Gained mutation: Your natural rate of healing is unusually
                  | fast. [Vine Stalker growth]
  1355 | D:2      | Reached XP level 4. HP: 21/24 MP: 5/5
  1412 | D:2      | Reached skill level 3 in Armour
  1560 | D:3      | Found a snail-covered altar of Cheibriados.
  1560 | D:3      | Found a radiant altar of Vehumet.
  1605 | D:3      | You fall into a shaft and drop 3 floors!
  1610 | D:6      | Noticed Edmund
  1610 | D:6      | Noticed a bullfrog
  1612 | D:5      | Entered Level 5 of the Dungeon
  1623 | D:5      | Noticed a black bear
  1789 | D:3      | Reached skill level 3 in Short Blades
  1789 | D:3      | Reached XP level 5. HP: 24/28 MP: 3/6
  1794 | D:3      | Found a glowing drain.
  1819 | Sewer    | Entered a sewer
  1861 | Sewer    | Noticed a kobold brigand
  1914 | Sewer    | Killed a kobold brigand
  1915 | Sewer    | Reached skill level 4 in Shields
  1976 | Sewer    | Found a glowing silver altar of Zin.
  2388 | D:3      | Reached skill level 4 in Short Blades
  2397 | D:3      | Reached XP level 6. HP: 32/32 MP: 4/7
  2752 | D:3      | Found a faded altar of an unknown god.
  3319 | D:4      | Found a broken altar of Ashenzari.
  3324 | D:4      | Noticed Ijyb
  3342 | D:4      | Killed Ijyb
  3529 | D:4      | Found a staircase to the Ecumenical Temple.
  3787 | Temple   | Entered the Ecumenical Temple
  3881 | Temple   | Became a worshipper of Gozag Ym Sagoz the Greedy
  4022 | D:4      | Reached XP level 7. HP: 34/37 MP: 6/8
  4232 | D:5      | Reached skill level 4 in Fighting
  4240 | D:4      | Reached skill level 5 in Short Blades
  4424 | D:5      | Reached skill level 5 in Fighting
  4586 | D:5      | Reached skill level 6 in Short Blades
  4586 | D:5      | Gained mutation: You have razor-sharp teeth. [Vine Stalker
                  | growth]
  4586 | D:5      | Reached XP level 8. HP: 24/43 MP: 9/9
  4619 | D:5      | Learned a level 4 spell: Summon Lightning Spire
  4778 | D:4      | HP: 3/43 [ice beast (11)]
  4779 | D:4      | Mangled by an ice beast

Vanquished Creatures
  2 black bears
  2 ice beasts (D:5)
  A kobold brigand (Sewer)
  3 scorpions
  An orc priest (D:4)
  Ijyb (D:4)
  2 orc wizards (D:4)
  7 adders
  2 river rats (D:3)
  7 worms
  2 dart slugs
  6 orcs
  7 ball pythons
  8 endoplasms
  3 giant cockroaches
  8 goblins
  7 hobgoblins
  6 jackals
  10 kobolds
  4 quokkas
  4 bats
  4 frilled lizards
  19 rats
116 creatures vanquished.

Table legend: (Time is in decaauts)
 A = Elapsed time spent in this place.
 B = Non-inter-level travel time spent in this place.
 C = Inter-level travel time spent in this place.
 D = Time resting spent in this place.
 E = Time spent auto-exploring this place.
 F = Levels seen in this place.
 G = Mean time per level.
                   A        B        C        D        E       F      G
               +--------+--------+--------+--------+--------+-----+--------+
         Total |   4918 |   4503 |    415 |    650 |   1990 |   8 |  614.8 |
       Dungeon |   4371 |   4056 |    315 |    650 |   1785 |   6 |  728.5 |
        Temple |    165 |     65 |    100 |      0 |     59 |   1 |  165.0 |
         Sewer |    380 |    380 |      0 |      0 |    146 |   1 |  380.0 |
               +--------+--------+--------+--------+--------+-----+--------+

Top non-repeatable levels by time:
     D:4: 1328 daAuts
     D:3: 1219 daAuts
     D:1: 797 daAuts
     D:2: 694 daAuts
   Sewer: 380 daAuts
     D:5: 325 daAuts
  Temple: 165 daAuts
     D:6: 6 daAuts

Table legend:
 A = Non-vault XP
 B = Vault XP
 C = Vault XP percentage of total XP
 D = Non-vault monster count
 E = Vault monster count
 F = Vault count percentage of total count
                 A         B        C        D         E       F
            +---------+---------+-------+---------+---------+-------
      Total |    1098 |     222 |  16.8 |      91 |      25 |  21.6
            +---------+---------+-------+---------+---------+-------
        D:1 |      36 |       0 |   0.0 |      24 |       0 |   0.0
        D:2 |      51 |       0 |   0.0 |      20 |       0 |   0.0
        D:3 |      79 |      70 |  47.0 |      23 |      10 |  30.3
        D:4 |     365 |      36 |   9.0 |      18 |       1 |   5.3
        D:5 |     567 |       0 |   0.0 |       6 |       0 |   0.0
      Sewer |       0 |     116 | 100.0 |       0 |      14 | 100.0
            +---------+---------+-------+---------+---------+-------
